PL
NORTHERN VIRGINIA RAINBOW MERMAIDS @ PORTLAND EVERGREENS
09/17/2034
 
TOP OF THE 1ST
Northern Virginia Rainbow Mermaids batting - Pitching for Portland Evergreens : RHP Pierre Levegh
Pitching: RHP Pierre Levegh
Batting: RHB Colt Cabana 0-0: Called Strike
0-1: Foul Ball, location: 2F
0-2: Foul Ball, location: 2F
0-2: Strikes out swinging
Batting: LHB Rio Mence 0-0: Ball
1-0: Foul Ball, location: 2F
1-1: Ball
2-1: Ball
3-1: Foul Ball, location: 2F
3-2: Foul Ball, location: 2F
3-2: Ground out 3-1 (Groundball, 34S)
Batting: SHB Eustacio Tafalla 0-0: Ball
1-0: Ball
2-0: Ball
3-0: Called Strike
3-1: Base on Balls
Batting: RHB Zahid Kashani 0-0: Called Strike
0-1: Ball
1-1: Ball
2-1: Swinging Strike
2-2: Ball
3-2: Base on Balls
Eustacio Tafalla to second
Batting: LHB Shelby Noonan 0-0: Swinging Strike
0-1: Ball
1-1: Swinging Strike
1-2: Strikes out swinging
Top of the 1st over - 0 runs, 0 hits, 0 errors, 2 left on base; Northern Virginia 0 - Portland 0
BOTTOM OF THE 1ST
Portland Evergreens batting - Pitching for Northern Virginia Rainbow Mermaids : LHP Chris Sommer
Pitching: LHP Chris Sommer
Batting: SHB Willie McGirt 0-0: Ball
1-0: Called Strike
1-1: Called Strike
1-2: Foul Ball, location: 2F
1-2: Ground out 5-3 (Groundball, 56)
Batting: RHB Tae-cho Han 0-0: Called Strike
0-1: Ball
1-1: Ball
2-1: Ball
3-1: Fly out, F7 (Flyball, 7LMF)
Batting: LHB Chris Payling 0-0: Called Strike
0-1: Ball
1-1: Ball
2-1: Foul Ball, location: 2F
2-2: DOUBLE (Line Drive, 9LD)
Batting: RHB Blaze Alexander 0-0: Called Strike
0-1: Called Strike
0-2: Ball
1-2: Strikes out looking
Bottom of the 1st over - 0 runs, 1 hit, 0 errors, 1 left on base; Northern Virginia 0 - Portland 0
TOP OF THE 2ND
Northern Virginia Rainbow Mermaids batting - Pitching for Portland Evergreens : RHP Pierre Levegh
Batting: RHB Ray Walker 0-0: Ground out 5-3 (Groundball, 56)
Batting: LHB Bart Walton 0-0: SINGLE (Flyball, 9LM)
Batting: RHB Brian Moring 0-0: Swinging Strike
0-1: Fly out, F8 (Flyball, 8LS)
Batting: RHB Rand McNally 0-0: Ball
1-0: Ground out 1-3 (Groundball, 15S)
Top of the 2nd over - 0 runs, 1 hit, 0 errors, 1 left on base; Northern Virginia 0 - Portland 0
BOTTOM OF THE 2ND
Portland Evergreens batting - Pitching for Northern Virginia Rainbow Mermaids : LHP Chris Sommer
Batting: SHB Billy Dotson 0-0: SINGLE (Groundball, 5D)
Batting: RHB Enrique Morales 0-0: Grounds into double play, 6-4-3 (Groundball, 6)
Batting: RHB Nelson Jaramillo 0-0: Foul Ball, location: 2F
0-1: Called Strike
0-2: Strikes out swinging
Bottom of the 2nd over - 0 runs, 1 hit, 0 errors, 0 left on base; Northern Virginia 0 - Portland 0
TOP OF THE 3RD
Northern Virginia Rainbow Mermaids batting - Pitching for Portland Evergreens : RHP Pierre Levegh
Batting: RHB Colt Cabana 0-0: Ball
1-0: Ball
2-0: Swinging Strike
2-1: Ball
3-1: Called Strike
3-2: Base on Balls
Batting: LHB Rio Mence 0-0: Ball
1-0: Grounds into double play, 6-4-3 (Groundball, 6)
Batting: SHB Eustacio Tafalla 0-0: Ball
1-0: Called Strike
1-1: Called Strike
1-2: Ground out 4-3 (Groundball, 4)
Top of the 3rd over - 0 runs, 0 hits, 0 errors, 0 left on base; Northern Virginia 0 - Portland 0
BOTTOM OF THE 3RD
Portland Evergreens batting - Pitching for Northern Virginia Rainbow Mermaids : LHP Chris Sommer
Batting: RHB Carlos Cardona 0-0: Ball
1-0: Called Strike
1-1: SINGLE (Line Drive, 34)
Batting: RHB Gabrio Campoverde 0-0: Called Strike
0-1: Foul Ball, location: 2F
0-2: Foul Ball, location: 2F
0-2: Ball
1-2: Fielders Choice at 2nd, 4-6 (Groundball, 34)
Batting: SHB Willie McGirt 0-0: Grounds into double play, 6-4-3 (Groundball, 6)
Bottom of the 3rd over - 0 runs, 1 hit, 0 errors, 0 left on base; Northern Virginia 0 - Portland 0
TOP OF THE 4TH
Northern Virginia Rainbow Mermaids batting - Pitching for Portland Evergreens : RHP Pierre Levegh
Batting: RHB Zahid Kashani 0-0: Ball
1-0: Ball
2-0: Ball
3-0: Base on Balls
Batting: LHB Shelby Noonan 0-0: Foul Ball, location: 2F
0-1: Ball
1-1: Called Strike
1-2: Grounds into double play, 4-6-3 (Groundball, 4)
Batting: RHB Ray Walker 0-0: Called Strike
0-1: Foul Ball, location: 2F
0-2: Foul Ball, location: 2F
0-2: Ball
1-2: Foul Ball, location: 2F
1-2: Ball
2-2: Foul Ball, location: 2F
2-2: Strikes out swinging
Top of the 4th over - 0 runs, 0 hits, 0 errors, 0 left on base; Northern Virginia 0 - Portland 0
BOTTOM OF THE 4TH
Portland Evergreens batting - Pitching for Northern Virginia Rainbow Mermaids : LHP Chris Sommer
Batting: RHB Tae-cho Han 0-0: Ball
1-0: SINGLE (Line Drive, 78M)
Batting: LHB Chris Payling 0-0: Ball
1-0: Swinging Strike
1-1: Swinging Strike
1-2: Foul Ball, location: 2F
1-2: Foul Ball, location: 2F
1-2: Ball
2-2: Strikes out looking
Batting: RHB Blaze Alexander 0-0: Foul Ball, location: 2F
0-1: Foul Ball, location: 2F
0-2: Ball
1-2: Ball
2-2: Foul Ball, location: 2F
2-2: Foul Ball, location: 2F
2-2: 2-RUN HOME RUN (Flyball, 9LD), Distance : 379 ft
Batting: SHB Billy Dotson 0-0: Foul Ball, location: 2F
0-1: Ball
1-1: Ball
2-1: Ground out 5-3 (Groundball, 56S)
Batting: RHB Enrique Morales 0-0: Called Strike
0-1: Ball
1-1: Ball
2-1: Fly out, F5 (Popup, 5F)
Bottom of the 4th over - 2 runs, 2 hits, 0 errors, 0 left on base; Northern Virginia 0 - Portland 2
TOP OF THE 5TH
Northern Virginia Rainbow Mermaids batting - Pitching for Portland Evergreens : RHP Pierre Levegh
Batting: LHB Bart Walton 0-0: SINGLE (Groundball, 4MD)
Batting: RHB Brian Moring 0-0: Ball
1-0: Sac Bunt - play at first, batter OUT! 2-4
Bart Walton to second
Batting: RHB Rand McNally 0-0: Swinging Strike
0-1: Swinging Strike
0-2: Foul Ball, location: 2F
0-2: Foul Ball, location: 2F
0-2: Ball
1-2: Ball
2-2: Foul Ball, location: 2F
2-2: Ball
3-2: Fly out, F4 (Popup, 4)
Batting: RHB Colt Cabana 0-0: Foul Ball, location: 2F
0-1: Ball
1-1: Ball
2-1: Ball
3-1: Ground out 6-3 (Groundball, 6)
Top of the 5th over - 0 runs, 1 hit, 0 errors, 1 left on base; Northern Virginia 0 - Portland 2
BOTTOM OF THE 5TH
Portland Evergreens batting - Pitching for Northern Virginia Rainbow Mermaids : LHP Chris Sommer
Batting: RHB Nelson Jaramillo 0-0: Ball
1-0: Ball
2-0: Ground out 6-3 (Groundball, 6M)
Batting: RHB Carlos Cardona 0-0: Ground out 4-3 (Groundball, 4)
Batting: RHB Gabrio Campoverde 0-0: Foul Ball, location: 2F
0-1: Fly out, F3 (Popup, 3SF)
Bottom of the 5th over - 0 runs, 0 hits, 0 errors, 0 left on base; Northern Virginia 0 - Portland 2
TOP OF THE 6TH
Northern Virginia Rainbow Mermaids batting - Pitching for Portland Evergreens : RHP Pierre Levegh
Batting: LHB Rio Mence 0-0: Ball
1-0: SINGLE (Groundball, 34D)
Batting: SHB Eustacio Tafalla 0-0: Ball
1-0: Called Strike
1-1: Ball
2-1: Fly out, F9 (Line Drive, 9D)
Batting: RHB Zahid Kashani 0-0: Ball
1-0: Swinging Strike
1-1: Ball
2-1: Fly out, F8 (Flyball, 8LS)
Batting: LHB Shelby Noonan 0-0: Ground out 1-3 (Groundball, 15S)
Top of the 6th over - 0 runs, 1 hit, 0 errors, 1 left on base; Northern Virginia 0 - Portland 2
BOTTOM OF THE 6TH
Portland Evergreens batting - Pitching for Northern Virginia Rainbow Mermaids : LHP Chris Sommer
Batting: SHB Willie McGirt 0-0: Foul Ball, location: 2F
0-1: Ground out 6-3 (Groundball, 6)
Batting: RHB Tae-cho Han 0-0: Ball
1-0: Foul Ball, location: 2F
1-1: Foul Ball, location: 2F
1-2: Fly out, F7 (Flyball, 7LS)
Batting: LHB Chris Payling 0-0: Called Strike
0-1: SINGLE (Line Drive, 6M)
Batting: RHB Blaze Alexander 0-0: Fly out, F9 (Flyball, 9)
Bottom of the 6th over - 0 runs, 1 hit, 0 errors, 1 left on base; Northern Virginia 0 - Portland 2
TOP OF THE 7TH
Northern Virginia Rainbow Mermaids batting - Pitching for Portland Evergreens : RHP Pierre Levegh
Batting: RHB Ray Walker 0-0: Ball
1-0: Ball
2-0: Called Strike
2-1: Ground out 6-3 (Groundball, 6)
Batting: LHB Bart Walton 0-0: Ball
1-0: Called Strike
1-1: Swinging Strike
1-2: Ball
2-2: Foul Ball, location: 2F
2-2: Ball
3-2: Base on Balls
Pitching: LHP Shinzo Kumagai
Batting: RHB Brian Moring 0-0: Ball
1-0: 2-RUN HOME RUN (Flyball, 7D), Distance : 385 ft
Batting: RHB Rand McNally 0-0: Ball
1-0: Foul Ball, location: 2F
1-1: Fly out, F8 (Flyball, 8LM)
Batting: RHB Colt Cabana 0-0: Ground out 5-3 (Groundball, 56)
Top of the 7th over - 2 runs, 1 hit, 0 errors, 0 left on base; Northern Virginia 2 - Portland 2
BOTTOM OF THE 7TH
Portland Evergreens batting - Pitching for Northern Virginia Rainbow Mermaids : LHP Chris Sommer
Batting: SHB Billy Dotson 0-0: Called Strike
0-1: Foul Ball, location: 2F
0-2: Strikes out looking
Batting: RHB Enrique Morales 0-0: Ball
1-0: Ball
2-0: Ball
3-0: Called Strike
3-1: Base on Balls
Pitching: RHP Juan Valdéz
Pinch Hitting: LHB John Schaefer 0-0: Foul Ball, location: 2F
0-1: DOUBLE (Line Drive, 9LS)
Enrique Morales to third
Batting: RHB Carlos Cardona 0-0: Ball
1-0: Ball
2-0: Ball
3-0: Called Strike
3-1: Base on Balls
Pinch Hitting: LHB John Ennis 0-0: Foul Ball, location: 2F
0-1: Ball
1-1: Ball
2-1: Foul Ball, location: 2F
2-2: Grounds into fielders choice 6-2 (Groundball, 6)
John Schaefer to third
Carlos Cardona to second
Pitching: RHP Keith Johnson
Batting: SHB Willie McGirt 0-0: Called Strike
0-1: Foul Ball, location: 2F
0-2: Ball
1-2: Fly out, F3 (Popup, 3F)
Bottom of the 7th over - 0 runs, 1 hit, 0 errors, 3 left on base; Northern Virginia 2 - Portland 2
TOP OF THE 8TH
Northern Virginia Rainbow Mermaids batting - Pitching for Portland Evergreens : LHP Shinzo Kumagai
Now at 1B: John Ennis
Now at SS: Ramón Garmendia
Pinch Hitting: RHB Carlos Rúbio 0-0: DOUBLE (Line Drive, 7LM)
Batting: SHB Eustacio Tafalla 0-0: Intentional Walk
Batting: RHB Zahid Kashani 0-0: Called Strike
0-1: SINGLE (Line Drive, 4M)
Carlos Rúbio to third
Eustacio Tafalla to second
Batting: LHB Shelby Noonan 0-0: Called Strike
0-1: Called Strike
0-2: Foul Ball, location: 2F
0-2: Ball
1-2: Foul Ball, location: 2F
1-2: Ball
2-2: Foul Ball, location: 2F
2-2: Strikes out swinging
Batting: RHB Ray Walker 0-0: Swinging Strike
0-1: Called Strike
0-2: Grounds into fielders choice 4-2 (Groundball, 4S)
Eustacio Tafalla to third
Zahid Kashani to second
Batting: LHB Bart Walton 0-0: Ground out 4-3 (Groundball, 4D)
Top of the 8th over - 0 runs, 2 hits, 0 errors, 3 left on base; Northern Virginia 2 - Portland 2
BOTTOM OF THE 8TH
Portland Evergreens batting - Pitching for Northern Virginia Rainbow Mermaids : RHP Keith Johnson
Now at SS: Dana Waldrip
Batting: RHB Tae-cho Han 0-0: Called Strike
0-1: Called Strike
0-2: Ball
1-2: Ball
2-2: Foul Ball, location: 2F
2-2: Ground out 6-3 (Groundball, 6)
Batting: LHB Chris Payling 0-0: Foul Ball, location: 2F
0-1: Ground out 6-3 (Groundball, 6)
Batting: RHB Blaze Alexander 0-0: Called Strike
0-1: Ball
1-1: Fly out, F7 (Flyball, 7S)
Bottom of the 8th over - 0 runs, 0 hits, 0 errors, 0 left on base; Northern Virginia 2 - Portland 2
TOP OF THE 9TH
Northern Virginia Rainbow Mermaids batting - Pitching for Portland Evergreens : LHP Shinzo Kumagai
Batting: RHB Brian Moring 0-0: Called Strike
0-1: Fly out, F9 (Flyball, 9LM)
Batting: RHB Rand McNally 0-0: Ground out 1-3 (Groundball, 15S)
Batting: RHB Colt Cabana 0-0: Foul Ball, location: 2F
0-1: SOLO HOME RUN (Flyball, 7LD), Distance : 371 ft
Pitching: LHP Ming-jiang Wu
Batting: LHB Dana Waldrip 0-0: Ball
1-0: SINGLE (Line Drive, 34D)
Batting: SHB Eustacio Tafalla 0-0: Called Strike
0-1: Foul Ball, location: 2F
0-2: Ball
1-2: Strikes out looking
Top of the 9th over - 1 run, 2 hits, 0 errors, 1 left on base; Northern Virginia 3 - Portland 2
BOTTOM OF THE 9TH
Portland Evergreens batting - Pitching for Northern Virginia Rainbow Mermaids : RHP Keith Johnson
Batting: SHB Billy Dotson 0-0: Ball
1-0: Ball
2-0: SINGLE (Line Drive, 6D)
Batting: RHB Enrique Morales 0-0: Swinging Strike
0-1: SINGLE (Flyball, 5D)
Billy Dotson to second
Batting: LHB Ramón Garmendia 0-0: Bunted foul
0-1: Bunted foul
0-2: Foul Ball, location: 2F
0-2: Foul Ball, location: 2F
0-2: Ball
1-2: Ball
2-2: Foul Ball, location: 2F
2-2: Ball
3-2: Base on Balls
Billy Dotson to third
Enrique Morales to second
Pinch Hitting: LHB Shahid Afridi 0-0: Foul Ball, location: 2F
0-1: Ball
1-1: Ball
2-1: Foul Ball, location: 2F
2-2: Ball
3-2: Base on Balls
Billy Dotson scores
Enrique Morales to third
Ramón Garmendia to second
Pitching: LHP Francisco Torres
Batting: LHB John Ennis 0-0: Called Strike
0-1: Called Strike
0-2: Foul Ball, location: 2F
0-2: DOUBLE (Flyball, 8LXD)
Enrique Morales scores
Friday, March 29th, 2019 - OOTP Baseball 18.8 Build 76